 Dungeon Crawl Stone Soup version 0.30.0-5-g1a98f26d00 (webtiles) character file.

Game seed: 16463856399123023628

322 Kranky the Shield-Bearer (level 6, 0/62 HPs)
             Began as a Troll Fighter on May 12, 2023.
             Slain by an ogre
             ... wielding a +0 giant spiked club
              (19 damage)
             ... on level 3 of the Dungeon.
             The game lasted 00:04:05 (2349 turns).

Kranky the Shield-Bearer (Troll Fighter)            Turns: 2349, Time: 00:04:06

Health: 0/62       AC:  4    Str: 31    XL:     6   Next: 22%
Magic:  5/5        EV:  9    Int:  6    God:
Gold:   211        SH:  9    Dex: 15    Spells: 5/5 levels left

rFire   . .          .
                       - Unarmed
rCold   . . .        b - +0 kite shield
rNeg    . . .        a - +0 robe
rPois   .            (helmet restricted)
rElec   .            (no cloak)
rCorr   .            (gloves unavailable)
SInv    .            (boots unavailable)
Will    .....        (no amulet)
Stlth   +            k - +6 ring of strength
HPRegen 1.10/turn    i - +6 ring of dexterity
MPRegen 0.09/turn

%: no passive effects
@: lethally poisoned (0 -> -1)
A: large, unfitting armour, claws 3, regeneration 1, shaggy fur 1, tough skin 1
a: no special abilities


You were on level 3 of the Dungeon.
You visited 1 branch of the dungeon, and saw 4 of its levels.

You collected 211 gold pieces.

Inventory:

Armour
 a - a +0 robe (worn)
 b - a +0 kite shield (worn)
Jewellery
 i - a +6 ring of dexterity (right claw)
 k - a +6 ring of strength (left claw)
Scrolls
 e - a scroll of fog {unknown}
 f - a scroll of poison {unknown}
 g - 3 scrolls of identify {unknown}
 h - a scroll of amnesia {unknown}
 m - a scroll of teleportation {unknown}
 o - 2 scrolls of enchant weapon {unknown}
 p - a scroll of immolation {unknown}
Potions
 c - a potion of might
 d - 3 potions of curing {unknown}
 j - a potion of mutation {unknown}
 l - a potion of ambrosia {unknown}
 n - a potion of resistance {unknown}


   Skills:
 + Level 3.9 Fighting
 - Level 2.4 Dodging
 + Level 4.2 Shields
 + Level 4.1 Unarmed Combat


You had 5 spell levels left.
You didn't know any spells.
Your spell library contained the following spells:

 Spells                   Type           Power      Damage    Failure   Level
 Ensorcelled Hibernation  Hex/Ice        0%         N/A       80%         2
 Passwall                 Tmut/Erth      0%         N/A       80%         2
 Sublimation of Blood     Necr           0%         N/A       80%         2
 Wereblood                Tmut           0%         N/A       80%         2
 Hailstorm                Conj/Ice       0%         3d3       95%         3
 Swiftness                Air            0%         N/A       95%         3
 Ice Form                 Ice/Tmut       0%         N/A       100%        4
 Simulacrum               Ice/Necr       0%         N/A       100%        6
 Summon Hydra             Summ           0%         N/A       100%        7


Dungeon Overview and Level Annotations

Branches:
Dungeon (4/15)
 Temple: D:4-7

Altars:
Cheibriados
Fedhas

Annotations:
D:4 Robin


Innate Abilities, Weirdness & Mutations

You are too large for most types of armour.
You have claws for hands.
Your natural rate of healing is unusually fast.
You are covered in fur. (AC +1)
You have tough skin. (AC +1)


Message History

You block the goblin's attack.
The hobgoblin hits you but does no damage.
You scratch the hobgoblin.
You kill the hobgoblin!
You block the goblin's attack.
You scratch the goblin.
The goblin is moderately wounded.
The goblin closely misses you.
You claw the goblin!
You kill the goblin!
You climb downwards.
Level annotation: Robin The adder bites you.
The ogre hits you with a +0 giant spiked club!!
Ouch! That really hurt!
The adder closely misses you.
There is a stone staircase leading up, spattered with blood here.
You block the adder's attack.
The ogre hits you with a +0 giant spiked club!
* * * LOW HITPOINT WARNING * * *
You climb upwards.
There is a stone staircase leading down here.
The adder closely misses you. The adder attacks as you move away!
You block the adder's attack. The adder bites you but does no damage.
The adder attacks as you move away! The adder bites you.
* * * LOW HITPOINT WARNING * * *
You block the adder's attack.
You barely miss the adder. The adder bites you but does no damage.
You closely miss the adder. The adder bites you.
You are poisoned.
The adder poisons you! The adder bites you but does no damage.
You mangle the adder!!
You kill the adder!
You feel sick.
You claw the ogre!
The ogre is heavily wounded.
You feel sick.
The ogre hits you with a +0 giant spiked club!!
You die...

###'#.#########.....###'####..##.
....#..<#...>................###.
#########.#####......###########.
.............#...####### #....
#########....#.###.....# #....
#....#.# #.....# #...# ##....#.#
#.....# #...#
#†))..#.###.....######..<#
#.>.....O@'...............
#).####.###.....######...#
#.......# #††...# #.....
##.########.....# #..... #..#
#.........# #.....
##.###.....##### ####..
#..##.....# ### ##.##.....#
#..#.....#


You could see an ogre.

Vanquished Creatures
  2 black bears (D:3)
  6 adders
  2 worms
  2 dart slugs
  5 bats
  3 endoplasms
  3 giant cockroaches
  13 goblins
  10 hobgoblins
  7 jackals (D:2)
  4 quokkas
  5 ball pythons
  4 frilled lizards (D:2)
  5 kobolds
  8 rats
79 creatures vanquished.

Notes
Turn   | Place    | Note
-------+----------+-------------------------------------------
     0 | D:1      | Kranky the Troll Fighter began the quest for the Orb.
     0 | D:1      | Reached XP level 1. HP: 22/22 MP: 0/0
   115 | D:1      | Reached XP level 2. HP: 29/29 MP: 1/1
   780 | D:2      | Reached XP level 3. HP: 33/36 MP: 2/2
   886 | D:2      | Found a faded altar of an unknown god.
  1145 | D:2      | Reached XP level 4. HP: 43/45 MP: 3/3
  1560 | D:3      | Noticed a black bear
  1564 | D:3      | Killed a black bear
  1565 | D:3      | Reached XP level 5. HP: 43/53 MP: 4/4
  1700 | D:3      | Found a snail-covered altar of Cheibriados.
  1700 | D:3      | Found a blossoming altar of Fedhas.
  2211 | D:4      | Noticed Robin
  2211 | D:4      | Noticed a black bear
  2211 | D:4      | Noticed an ogre
  2291 | D:3      | Killed a black bear
  2292 | D:3      | Reached XP level 6. HP: 39/62 MP: 5/5
  2349 | D:3      | Slain by an ogre

Illustrated notes

Levels and vault maps discovered:
D:1:      amcnicky_arrival_double_pillar, layout_loops_ring
D:2:      cheibrodos_old_hovel, layout_basic,
          chequers_ecumenical_altar_simple_redux, serial_bayou_pond_d
D:3:      layout_basic, jmf_multi_god_temple
D:4:      layout_rooms, serial_shops, nicolae_shop_stone, nrook_mini_backslash,
          minivault_27, uniq_sigmund, uniq_robin

Skill      XL: |  1  2  3  4  5 |
---------------+----------------+-----
Shields        | 3 4 |  4.2
Fighting       | 3 |  3.9
Unarmed Combat | 3 4 |  4.1
Dodging        | |  2.4

Action                     |  1- 3 |  4- 6 || total
---------------------------+-------+-------++-------
  Melee: Unarmed           |   122 |   103 ||   225
   Stab: Sleeping          |       |     1 ||     1
 Armour: Robe              |    32 |    39 ||    71
  Dodge: Dodged            |    32 |    50 ||    82
  Block: Kite shield       |    59 |    64 ||   123
